 Dungeon Crawl Stone Soup version 0.19.0-2-gae57169 (webtiles) character file.

1141 kae the Basher (level 8, -1/58 HPs)
             Began as a Formicid Fighter on Nov 6, 2016.
             Was an Initiate of Okawaru.
             Slain by a wight
             ... wielding a cursed +0 halberd
              (8 damage)
             ... on level 6 of the Dungeon.
             The game lasted 00:07:26 (5787 turns).

kae the Basher (Formicid Fighter)                   Turns: 5787, Time: 00:07:27

Health: -1/58      AC:  7    Str: 22    XL:     8   Next: 64%
Magic:  8/8        EV:  7    Int:  6    God:    Okawaru [......]
Gold:   287        SH:  8    Dex: 12    Spells: 0 memorised, 7 levels left

rFire  . . .     SeeInvis +     x - -1 mace (curse)
rCold  + + .     Gourm    .     o - +0 ring mail "Vianas" {rC++ rCorr Int-3 Stlth+} (curse)
rNeg   . . .     Faith    .     c - +0 shield
rPois  .         Spirit   .     (helmet unavailable)
rElec  .         Reflect  .     h - +0 cloak
rCorr  +         Harm     .     (no gloves)
MR     .....                    j - +0 pair of boots
Stlth  +++.......               (no amulet)
                                w - ring of stealth
                                k - +2 ring of dexterity

@: starving, very heavily drained
A: permanent stasis, dig shafts and tunnels, four strong arms, antennae 3
a: Dig, Shaft Self, Renounce Religion


You were on level 6 of the Dungeon.
You worshipped Okawaru.
Okawaru was noncommittal.
You were starving.

You visited 2 branches of the dungeon, and saw 7 of its levels.

You collected 287 gold pieces.

Inventory:

Hand Weapons
 a - a +1 flail
 p - a +4 dire flail of freezing
 x - a cursed -1 mace (weapon)
Armour
 b - a +0 scale mail
 c - a +0 shield (worn)
 h - a +0 cloak (worn)
 j - a +0 pair of boots (worn)
 o - the cursed +0 ring mail "Vianas" (worn) {rC++ rCorr Int-3 Stlth+}
   (You found it on level 4 of the Dungeon)

   It affects your intelligence (-3).
   It greatly protects you from cold.
   It protects you from acid and corrosion.
   It makes you more stealthy.
   It has a curse placed upon it.
Jewellery
 k - a +2 ring of dexterity (left hand)
 r - an uncursed ring of flight
 w - a ring of stealth (right hand)
Wands
 u - a wand of flame (19/48)
Potions
 e - a potion of magic {unknown}
 i - a potion of invisibility
 n - 2 potions of curing
 s - a potion of brilliance
 t - 2 potions of flight
Comestibles
 f - 6 bread rations
 g - a slice of pizza
 m - 4 beef jerkies
 q - a fruit
 v - a royal jelly


   Skills:
 - Level 3.2(0.4) Fighting
 + Level 9.9(6.4) Maces & Flails
 - Level 3.2(0.4) Armour
 - Level 3.6(0.7) Shields


You had 7 spell levels left.
You didn't know any spells.

Dungeon Overview and Level Annotations

Branches:
Dungeon (6/15)             Temple (1/1) D:5

Altars:
Ashenzari
Dithmenos
Elyvilon
Hepliaklqana
Kikubaaqudgha
Makhleb
Okawaru
Qazlal
Trog
Uskayaw
Vehumet
Xom
Yredelemnul


Innate Abilities, Weirdness & Mutations

You are under a permanent stasis effect.
You can dig through walls and to a lower floor.
Your four strong arms can wield two-handed weapons with a shield.
You have a pair of large antennae on your head. (SInv)


Message History

You hit the wight.
The wight is almost destroyed.
You are starving!
The wight hits you with a halberd!
You barely miss the wight.
The wight is almost destroyed.
The wight hits you with a halberd!
* * * LOW HITPOINT WARNING * * *
You feel drained.
* * * LOW HITPOINT WARNING * * *
You closely miss the wight.
The wight is almost destroyed.
The wight hits you with a halberd.
* * * LOW HITPOINT WARNING * * *
You feel drained.
* * * LOW HITPOINT WARNING * * *
You hit the wight but do no damage.
The wight is almost destroyed.
The wight hits you with a halberd!
You die...

# ###...# #.......# #
##.....# #.....<.#
########..##..######.......#
...................#.......#
##......#..........#.......#
#......#..........#########
#......#..........#
#......#......z...#
#...>..#.......@..#
#......#..........#
#......#..........#
#......############ ########


You could see a wight.

Vanquished Creatures
  Grinder (D:3)
  A phantom (D:5)
  An ogre (D:4)
  3 scorpions
  3 wights
  A quasit (D:5)
  2 hounds (D:6)
  An orc wizard (D:5)
  An orc priest (D:3)
  Crazy Yiuf (D:3)
  Jessica (D:2)
  Terence (D:3)
  An iguana (D:6)
  3 worker ants
  A hound zombie (D:6)
  A howler monkey zombie (D:6)
  4 gnolls (D:5)
  4 adders
  An adder skeleton (D:5)
  3 worms
  A leopard gecko (D:2)
  9 orcs
  3 giant cockroaches (D:2)
  4 goblins
  6 hobgoblins
  A jackal (D:5)
  A quokka (D:5)
  2 ball pythons (D:2)
  5 bats
  6 frilled lizards
  9 kobolds
  7 rats
89 creatures vanquished.

Notes
Turn   | Place    | Note
-------+----------+-------------------------------------------
     0 | D:1      | kae the Formicid Fighter began the quest for the Orb.
     0 | D:1      | Reached XP level 1. HP: 18/18 MP: 1/1
    12 | D:1      | Noticed a merfolk zombie
    20 | D:1      | Noticed a minotaur zombie
   159 | D:1      | Reached XP level 2. HP: 22/24 MP: 2/2
   289 | D:1      | Reached skill level 3 in Maces & Flails
   871 | D:2      | Reached XP level 3. HP: 29/29 MP: 3/3
  1075 | D:2      | Noticed Jessica
  1082 | D:2      | Killed Jessica
  1082 | D:2      | Reached skill level 4 in Maces & Flails
  1082 | D:2      | Reached XP level 4. HP: 27/35 MP: 4/4
  1249 | D:3      | Found a faded altar of an unknown god.
  1273 | D:3      | Reached XP level 5. HP: 28/41 MP: 5/5
  1429 | D:3      | Noticed Terence
  1441 | D:3      | Killed Terence
  1441 | D:3      | Reached skill level 5 in Maces & Flails
  1655 | D:3      | Noticed Grinder
  1667 | D:3      | Killed Grinder
  1667 | D:3      | Reached skill level 6 in Maces & Flails
  1667 | D:3      | Reached XP level 6. HP: 44/47 MP: 6/6
  1953 | D:3      | Found a runed door.
  2156 | D:3      | Noticed Crazy Yiuf
  2160 | D:3      | Killed Crazy Yiuf
  2160 | D:3      | Reached skill level 7 in Maces & Flails
  2160 | D:3      | Reached XP level 7. HP: 52/52 MP: 7/7
  2260 | D:4      | Found a shadowy altar of Dithmenos.
  2753 | D:4      | Got a heavily runed ring mail
  2764 | D:4      | Identified the cursed +0 ring mail "Vianas" {rC++ rCorr Int-3 Stlth+} (You found it on level 4 of the Dungeon)
  3115 | D:5      | Entered Level 5 of the Dungeon
  3402 | D:5      | Reached skill level 8 in Maces & Flails
  3679 | D:5      | Found a hide-covered altar of Uskayaw.
  3705 | D:5      | Reached XP level 8. HP: 32/58 MP: 8/8
  4000 | D:5      | Found a staircase to the Ecumenical Temple.
  4118 | D:5      | Reached skill level 9 in Maces & Flails
  4134 | Temple   | Entered the Ecumenical Temple
  4274 | Temple   | Became a worshipper of Warmaster Okawaru
  5787 | D:6      | Slain by a wight

Skill      XL: |  1  2  3  4  5  6  7  8 |
---------------+-------------------------+-----
Maces & Flails | 3 4 6 7 8 9 |  9.9
Fighting       | |  3.2
Armour         | |  3.2
Shields        | |  3.6

Action                   |  1- 3 |  4- 6 |  7- 9 || total
-------------------------+-------+-------+-------++-------
Melee: Flail             |    76 |   101 |    69 ||   246
       Mace              |       |       |   231 ||   231
 Abil: Dig               |     2 |     2 |     5 ||     9
Evoke: Wand              |       |       |     4 ||     4
  Use: Potion            |       |     2 |     2 ||     4
       Scroll            |       |     7 |     4 ||    11
 Stab: Sleeping          |       |       |     1 ||     1
  Eat: Chunk             |     1 |     3 |     9 ||    13
       Fruit             |       |       |     2 ||     2
Armor: Scale mail        |    33 |    20 |       ||    53
       Skin              |       |     1 |       ||     1
       Ring mail         |       |       |    68 ||    68
Dodge: Dodged            |    25 |    32 |    80 ||   137
Block: Shield            |    32 |    52 |   111 ||   195
